 Dungeon Crawl Stone Soup version 0.24.0-123-gd5b16e6ec5 (webtiles) character file.

Game seed: 14480981150391889060, levelgen mode: deterministic

273 Curus the Spear-Bearer (level 6, 0/44 HPs)
             Began as a Merfolk Gladiator on Jan 27, 2020.
             Was an Initiate of Trog.
             Killed by nerve-wracking pain
             ... invoked by an orc priest
              (11 damage)
             ... on level 3 of the Dungeon.
             The game lasted 00:08:00 (2801 turns).

Curus the Spear-Bearer (Merfolk Gladiator)          Turns: 2801, Time: 00:08:00

Health: 0/44       AC:  7    Str: 14    XL:     6   Next: 24%
Magic:  6/6        EV: 17    Int:  7    God:    Trog [......]
Gold:   73         SH:  0    Dex: 18    Spells: 5/5 levels left

rFire    . . .     SeeInvis .   a - +0 trident
rCold    . . .     Gourm    .   (no shield)
rNeg     . . .     Faith    .   b - +2 leather armour
rPois    .         Spirit   .   c - +1 helmet
rElec    .         Reflect  .   (no cloak)
rCorr    .         Harm     .   (no gloves)
MR       .....                  (no boots)
Stlth    +.........             (no amulet)
HPRegen  0.14/turn              k - +3 ring of evasion
MPRegen  0.10/turn              (no ring)

@: no status effects
A: change form in water, swift swim, stealthy swim
a: Renounce Religion


You were on level 3 of the Dungeon.
You worshipped Trog.
Trog was noncommittal.
You were not hungry.

You visited 1 branch of the dungeon, and saw 3 of its levels.

You collected 73 gold pieces.

Inventory:

Hand Weapons
 a - a +0 trident (weapon)
Missiles
 d - 3 throwing nets (quivered)
Armour
 b - a +2 leather armour (worn)
 c - a +1 helmet (worn)
Jewellery
 h - a -3 ring of dexterity
 k - a +3 ring of evasion (left hand)
Scrolls
 g - 3 scrolls of identify
Potions
 e - 2 potions of curing
 i - a potion of invisibility
Comestibles
 f - 9 rations


   Skills:
 - Level 2.1 Fighting
 + Level 9.8 Polearms
 - Level 2.0 Throwing
 - Level 4.0 Dodging


You had 5 spell levels left.
You didn't know any spells.
Your spell library contained the following spells:

 Spells                   Type           Power        Failure   Level  Hunger
 Passwall                 Tmut/Erth      #.......     65%         2    ###....
 Swiftness                Chrm/Air       #.......     65%         2    ###....
 Passage of Golubria      Tloc           N/A          99%         4    #####..
 Lee's Rapid Deconstruct  Erth           #.........   100%        5    ######.
 Darkness                 Hex            #.........   100%        6    #######
 Invisibility             Hex            #.......     100%        6    #######


Dungeon Overview and Level Annotations

Branches:
Dungeon (3/15)

Altars:
Elyvilon
Fedhas
Trog

Annotations:
D:2 exclusion: oklob plant


Message History

* * * LOW HITPOINT WARNING * * *
The orc completely misses you.
You hit the orc priest but do no damage.
The orc priest is heavily wounded.
The orc priest closely misses you.
You hit the orc priest but do no damage.
The orc priest is heavily wounded.
The orc barely misses you.
The orc priest hits you but does no damage.
You hit the orc priest but do no damage.
The orc priest is moderately wounded.
The orc closely misses you. The orc priest closely misses you.
You barely miss the orc priest.
The orc priest is moderately wounded.
You hit the orc priest but do no damage.
The orc priest is moderately wounded.
The orc barely misses you.
The orc priest mumbles some strange prayers to Beogh against you.
Pain shoots through your body!
You die...

#.# #>##.....# #.##...[.#....###
#.# #.##...#####.###...##8..8##
#.# #............# ##..#.....⌠#
#.# ####.######### #.####..###
#.### #.# #.##8.....# ....# #.#
#'####..### #.#.# #.#
#.>.##....# #.#.# #.########
#....###..### #.#.#
#.##.#.o@##.....#_.....#
#)#.#####......o)#......###..###
.................'o.....#......#
....#######...#.##......##._.###
...## ##.##.# #.....###### ...#
####.# #..... #### #.# #...# #.#
#'## #.# .#


You could see an orc priest and an orc.

Vanquished Creatures
  A scorpion (D:3)
  4 orc priests (D:3)
  2 adders (D:3)
  An ooze (D:1)
  3 worms
  4 dart slugs
  A leopard gecko (D:3)
  6 orcs (D:3)
  5 bats
  3 giant cockroaches
  7 goblins
  6 hobgoblins
  4 jackals (D:2)
  A quokka (D:2)
  6 frilled lizards
  7 kobolds
  7 rats
68 creatures vanquished.

Notes
Turn   | Place    | Note
-------+----------+-------------------------------------------
     0 | D:1      | Curus the Merfolk Gladiator began the quest for the Orb.
     0 | D:1      | Reached XP level 1. HP: 16/16 MP: 1/1
   399 | D:1      | Reached skill level 5 in Polearms
   411 | D:1      | Reached XP level 2. HP: 22/22 MP: 2/2
   737 | D:1      | Reached skill level 6 in Polearms
   737 | D:1      | Reached XP level 3. HP: 27/27 MP: 3/3
  1524 | D:2      | Reached XP level 4. HP: 28/33 MP: 4/4
  1592 | D:2      | Found a blossoming altar of Fedhas.
  1613 | D:2      | Noticed an oklob plant
  1729 | D:2      | Reached skill level 7 in Polearms
  2423 | D:3      | Reached skill level 8 in Polearms
  2423 | D:3      | Reached XP level 5. HP: 35/38 MP: 5/5
  2604 | D:3      | Found a bloodstained altar of Trog.
  2606 | D:3      | Found a white marble altar of Elyvilon.
  2613 | D:3      | Became a worshipper of Trog the Wrathful
  2655 | D:3      | Reached skill level 9 in Polearms
  2787 | D:3      | Reached XP level 6. HP: 10/44 MP: 6/6
  2801 | D:3      | Killed from afar by an orc priest

Levels and vault maps discovered:
D:1:      ncdulo_watergridlock, layout_basic
D:2:      layout_basic, tgw_fedhas
D:3:      layout_loops_corners, minitemple, first_ration

Skill      XL: |  1  2  3  4  5 |
---------------+----------------+-----
Polearms       | 5 6 8 9 |  9.8
Fighting       | |  2.1
Throwing       | |  2.0
Dodging        | |  4.0

Action                   |  1- 3 |  4- 6 || total
-------------------------+-------+-------++-------
Melee: Trident           |   136 |   142 ||   278
  Use: Scroll            |     9 |     1 ||    10
       Potion            |     4 |     5 ||     9
 Stab: Sleeping          |       |     2 ||     2
  Eat: Chunk             |     2 |     4 ||     6
Armor: Leather armour    |    30 |    20 ||    50
Dodge: Dodged            |    59 |    82 ||   141
